 Dungeon Crawl Stone Soup version 0.31-a0-198-g2ad674f65e (webtiles) character file.

Game seed: 10951919652467745141

56 qw the Shooter (level 3, 0/20 HPs)
             Began as a Deep Elf Hunter on June 25, 2023.
             Slain by a goblin
             ... wielding a +0 club
             ... led by Robin
              (6 damage)
             ... on level 3 of the Dungeon.
             The game lasted 00:00:26 (1498 turns).

qw the Shooter (Deep Elf Hunter)                    Turns: 1498, Time: 00:00:26

Health: 0/20       AC:  3    Str: 10    XL:     3   Next: 71%
Magic:  5/5        EV: 12    Int: 13    God:
Gold:   56         SH:  0    Dex: 18    Spells: 2/2 levels left

rFire   . . .        Y - +0 shortbow
rCold   . . .        (shield currently unavailable)
rNeg    . . .        c - +0 leather armour
rPois   .            (no helmet)
rElec   .            (no cloak)
rCorr   .            (no gloves)
SInv    .            (no boots)
Will    .....        (no amulet)
Stlth   ++           (no ring)
HPRegen 0.23/turn    (no ring)
MPRegen 0.09/turn

%: no passive effects
@: no status effects
A: no striking features
a: no special abilities


You were on level 3 of the Dungeon.
You visited 1 branch of the dungeon, and saw 3 of its levels.

You collected 56 gold pieces.


   Skills:
 - Level 1.5 Fighting
 + Level 7.2 Ranged Weapons
 - Level 2.4 Dodging
 - Level 1.2 Stealth


You had 2 spell levels left.
You didn't know any spells.
Your spell library was empty.

Inventory:

Hand Weapons
 Y - a +0 shortbow (weapon)
Armour
 c - a +0 leather armour (worn)
Scrolls
 a - a scroll of identify
Potions
 d - a potion of lignification {unknown}
 f - a potion of ambrosia {unknown}

Dungeon Overview and Level Annotations

Branches:
Dungeon (3/15)

Altars:

Annotations:
D:3 Robin


Message History

The goblins go into a battle-frenzy!
A goblin comes into view. It is wielding a +0 club.
The goblin shouts!
You hear a shout!
You shoot an arrow. The arrow hits the hobgoblin.
The hobgoblin is heavily wounded.
Robin throws the goblin at you! The goblin hits you with a club.
A goblin comes into view. It is wielding a +0 dagger.
You shoot an arrow. The arrow hits the goblin!
You kill the goblin!
A hobgoblin comes into view.
You shoot an arrow. The arrow hits the hobgoblin!
You kill the hobgoblin!
A goblin comes into view. It is wielding a +0 club.
Robin throws the goblin at you! The goblin misses you.
You shoot an arrow. The goblin shouts!
The arrow hits the goblin.
The goblin is severely wounded.
You hear a shout!
The goblin hits you with a +0 dagger. Robin throws the goblin at you!
You shoot an arrow. The arrow hits the goblin.
You kill the goblin!
The goblin misses you.
A hobgoblin comes into view.
The goblin misses you.
You shoot an arrow. The arrow hits the goblin!
You kill the goblin!
A hobgoblin comes into view.
The goblin hits you but does no damage.
You shoot an arrow.
The arrow hits the goblin but does no damage.
The goblin hits you with a +0 club. The goblin closely misses you.
You shoot an arrow. The arrow hits the goblin.
The goblin is severely wounded.
The goblin misses you. x2
A goblin comes into view. It is wielding a +0 dagger.
You shoot an arrow. The arrow barely misses the goblin.
The goblin shouts!
Robin throws the goblin at you! The goblin hits you with a +0 club.
You die...

#$.....# #####......
#......###.....#.##. #
##..........###...##.
..##........####...####.
.................### #.
.................# #.
.................# #.
......gg)....##.## ..
......g@##.#....# ..#
...#...)........# #.##
## ###g##.....#.# .. #
.. ##......#


gg# ###..... ..) #..... ##.g ...... #.) You could see Robin, 3 hobgoblins and 3
goblins.

Vanquished Creatures
  2 adders (D:2)
  A dart slug (D:1)
  3 endoplasms
  7 goblins
  4 hobgoblins
  2 jackals (D:1)
  4 kobolds
  A quokka (D:1)
  2 ball pythons
  4 bats
  A frilled lizard (D:1)
  3 rats
34 creatures vanquished.

Notes
Turn   | Place    | Note
-------+----------+-------------------------------------------
     0 | D:1      | qw the Deep Elf Hunter began the quest for the Orb.
     0 | D:1      | Reached XP level 1. HP: 12/12 MP: 3/3
     0 | D:1      | 0 ||| qw: Version: 0.3-a-22-g0ed2b0b
     0 | D:1      | 0 ||| qw: Game counter: 5107
     0 | D:1      | 0 ||| qw: Melee chars always use a shield: true
     0 | D:1      | 0 ||| qw: God list: Okawaru
     0 | D:1      | 0 ||| qw: Allow faded altars: false
     0 | D:1      | 0 ||| qw: Do Orc after clearing Dungeon:15 true
     0 | D:1      | 0 ||| qw: Do second Lair branch before Depths: true
     0 | D:1      | 0 ||| qw: Lair rune preference: random
     0 | D:1      | 0 ||| qw: Goals: Normal
     0 | D:1      | 0 ||| PLANNING D:1-11
   251 | D:1      | Reached XP level 2. HP: 15/16 MP: 4/4
   257 | D:1      | Reached skill level 6 in Ranged Weapons
   606 | D:1      | 606 ||| READING scroll labelled UMATUA BEILAA.
   611 | D:1      | 611 ||| READING scroll labelled LUSAYNN AQIO.
   612 | D:1      | 612 ||| READING scroll labelled ZAWAJI SUROFF.
   613 | D:1      | 613 ||| DROPPING scroll of butterflies.
   741 | D:2      | Reached XP level 3. HP: 18/20 MP: 5/5
   960 | D:2      | Reached skill level 7 in Ranged Weapons
  1424 | D:2      | 1424 ||| READING scroll labelled ZETIKU WUINN.
  1425 | D:2      | 1425 ||| READING scroll labelled SITWUQ PIROAXT.
  1488 | D:3      | Noticed Robin
  1498 | D:3      | Slain by a goblin

Levels and vault maps discovered:
D:1:      saegor_arrival_simple_c, layout_loops_ring
D:2:      layout_loops_corners, nrook_campfire
D:3:      layout_rooms, minmay_misc_feat_rows, uniq_robin

Skill      XL: |  1  2  3 |
---------------+----------+-----
Ranged Weapons | 6 7 |  7.2
Fighting       | |  1.5
Dodging        | |  2.4
Stealth        | |  1.2

Action                     || total
---------------------------++-------
   Fire: Shortbow          ||    90
    Use: Scroll            ||     5
 Armour: Leather armour    ||     6
  Dodge: Dodged            ||    23

Table legend:
 A = Non-vault XP
 B = Vault XP
 C = Vault XP percentage of total XP
 D = Non-vault monster count
 E = Vault monster count
 F = Vault count percentage of total count
                 A         B        C        D         E       F
            +---------+---------+-------+---------+---------+-------
      Total |      70 |      11 |  13.6 |      28 |       6 |  17.6
            +---------+---------+-------+---------+---------+-------
        D:1 |      29 |       0 |   0.0 |      17 |       0 |   0.0
        D:2 |      39 |       0 |   0.0 |      10 |       0 |   0.0
        D:3 |       2 |      11 |  84.6 |       1 |       6 |  85.7
            +---------+---------+-------+---------+---------+-------
